 Dungeon Crawl Stone Soup version 0.30.0-5-g1a98f26d00 (webtiles) character file.

Game seed: 994800966084487325

310 javelincjr the Ducker (level 6, -2/45 HPs)
             Began as a Djinni Fire Elementalist on May 11, 2023.
             Was an Initiate of Qazlal.
             Killed by an exploding Edmund (9 damage)
             ... ignited by their inner flame
             ... on level 4 of the Dungeon.
             The game lasted 00:17:45 (3163 turns).

javelincjr the Ducker (Djinni Fire Elementalist)    Turns: 3163, Time: 00:17:47

Health: -2/45      AC:  8    Str:  9    XL:     6   Next: 69%
Gold:   194        EV: 13    Int: 16    God:    Qazlal [......] SH:  0 Dex: 14

rFire   + + .        u - +1 quarterstaff (spect)
rCold   x . .        (shield currently unavailable)
rNeg    . . .        h - +2 robe {Will+}
rPois   ∞            n - +2 helmet
rElec   .            (no cloak)
rCorr   +            m - +0 pair of gloves
SInv    .            (boots unavailable)
Will    +....        (no amulet)
Stlth   ++           c - ring of resist corrosion
HPRegen 0.27/turn    (no ring)
MPRegen 0.00/turn

%: infuse magic (-3 HP)
@: flying
A: sickness immunity, fire resistance 2, cold vulnerability 1, float, innate
caster, HP casting, extra vitality 1
a: Renounce Religion


You were on level 4 of the Dungeon.
You worshipped Qazlal.
Qazlal was noncommittal.
You visited 2 branches of the dungeon, and saw 5 of its levels.

You collected 194 gold pieces.

Inventory:

Hand Weapons
 u - a +1 spectral quarterstaff (weapon)
Missiles
 j - 2 atropa-tipped darts
Armour
 h - a +2 robe of willpower (worn)
 l - a +0 buckler
 m - a +0 pair of gloves (worn)
 n - a +2 helmet (worn)
Magical Staves
 p - a staff of cold
Jewellery
 c - a ring of resist corrosion (left hand)
Wands
 w - a wand of charming (6)
Scrolls
 g - a scroll of teleportation {unknown}
 i - 2 scrolls of immolation
 k - a scroll of fear {unknown}
 o - 2 scrolls of enchant armour
 r - a scroll of acquirement {unknown}
 v - a scroll of magic mapping {unknown}
 y - a scroll of vulnerability {unknown}
Potions
 a - 2 potions of heal wounds
 b - a potion of magic {unknown}
 d - 2 potions of haste {unknown}
 e - a potion of lignification {unknown}
 f - 2 potions of curing
 t - 2 potions of ambrosia


   Skills:
 * Level 2.9 Fighting
 + Level 0.1 Staves
 + Level 0.1 Armour
 + Level 3.8 Dodging
 - Level 3.0 Stealth
 - Level 1.6 Shields
 + Level 3.2 Spellcasting


You knew the following spells:

 Your Spells              Type           Power      Damage    Failure   Level
a - Foxfire               Conj/Fire      48%        2x1d6     4%          1
b - Scorch                Fire           24%        2d6       8%          2
c - Volatile Blastmotes   Fire/Tloc      24%        2d12      14%         3
d - Inner Flame           Hex/Fire       12%        N/A       14%         3
e - Flame Wave            Conj/Fire      12%        2d6       43%         4
f - Magic Dart            Conj           48%        1d5       4%          1
g - Ensorcelled Hibernat  Hex/Ice        24%        N/A       8%          2
Your spell library was empty.

Dungeon Overview and Level Annotations

Branches:
Dungeon (4/15)             Temple (1/1) D:4

Altars:
Fedhas
Gozag
Hepliaklqana
Makhleb
Okawaru
Qazlal
Xom
Zin


Innate Abilities, Weirdness & Mutations

You are immune to sickness and miasma.
You are immune to poison.
Your flesh is very heat resistant. (rF++)
You are vulnerable to cold. (rC-)
You float through the air rather than walking.
You learn spells naturally, not from books.
Your magical power is your life essence.
You have superior vitality. (+4 MHP)


Message History

Edmund hits you but does no damage.
There is a stone staircase leading up here.
Casting: Inner Flame (dangerous; 14% risk of failure)
Confirm with . or Enter, or press ? or * to list all spells.
Aiming: Inner Flame (dangerous; 14% risk of failure)
Press: ? - help, Dir - move target, f - Edmund
Aim: Edmund, wielding a +3 heavy flail and wearing a +0 leather armour (chance to affect: 64%) Edmund struggles to resist.
Edmund misses you.
Casting: Inner Flame (dangerous; 14% risk of failure)
Confirm with . or Enter, or press ? or * to list all spells.
Aiming: Inner Flame (dangerous; 14% risk of failure)
Press: ? - help, Dir - move target, f/p - Edmund
Aim: Edmund, wielding a +3 heavy flail and wearing a +0 leather armour (chance to affect: 64%) Edmund is filled with an inner flame.
Edmund hits you with a +3 heavy flail.
You hit Edmund.
Flame seeps out of Edmund.
Edmund is lightly wounded.
Your +1 spectral quarterstaff barely misses Edmund.
You hit Edmund but do no damage.
Edmund is lightly wounded.
Your +1 spectral quarterstaff closely misses Edmund.
Edmund is engulfed in blazing flames.
Flame seeps out of Edmund.
Edmund hits you with a +3 heavy flail!
You hit Edmund but do no damage.
Edmund is moderately wounded.
Your +1 spectral quarterstaff hits Edmund.
Flame seeps out of Edmund.
Edmund is engulfed in blazing flames.
Flame seeps out of Edmund.
Edmund hits you with a +3 heavy flail!
You closely miss Edmund.
Edmund is severely wounded.
Your +1 spectral quarterstaff hits Edmund but does no damage.
Edmund hits you with a +3 heavy flail!
* * * LOW HITPOINT WARNING * * *
You sock Edmund!
Flame seeps out of Edmund.
Edmund is severely wounded.
Your +1 spectral quarterstaff hits Edmund.
Flame seeps out of Edmund.
Edmund is engulfed in blazing flames.
Qazlal accepts your kill.
Edmund explodes!
The fiery explosion engulfs you! You resist.
You die...

..... #.......#O..# #...... ...
#.....).##'## #......
#.......#...######......
#.......#...#.†.........
#.......#...'...........
#.......#...#....###.###
.######'##...#...##.....#
......§(##...#...#..#.#..
#######○@#...#.....#.#.#. ##8##
#.§#...#...#..#.#..
8...8##..#...#...##.....#
.....##.######....###.###
....._#..###.###.........
.....##........'.........
8...8##....>...#......... ##8##
#........#.........
.#############...##...#.........


You could see a friendly +1 spectral quarterstaff.

Vanquished Creatures
  Edmund (D:4)
  An ogre (D:4)
  Jessica (D:3)
  Ijyb (D:4)
  An iguana (D:4)
  4 adders
  A white imp (D:4)
  2 worms (D:3)
  3 dart slugs
  8 orcs (D:3)
  8 ball pythons
  12 endoplasms
  6 giant cockroaches
  5 goblins
  4 hobgoblins
  8 jackals (D:3)
  3 kobolds
  5 quokkas
  3 bats
  A frilled lizard (D:1)
  2 rats (D:1)
  A butterfly (D:4)
81 creatures vanquished.

Vanquished Creatures (others)
  349 foxfires
349 creatures vanquished.

Grand Total: 430 creatures vanquished

Notes
Turn   | Place    | Note
-------+----------+-------------------------------------------
     0 | D:1      | javelincjr the Djinni Fire Elementalist began the quest for
                  | the Orb.
     0 | D:1      | javelincjr set off with the following spells memorised:
                  | Foxfire, Scorch, Volatile Blastmotes, Inner Flame, Flame
                  | Wave.
     0 | D:1      | Reached XP level 1. HP: 15/15 MP: 0/0
    93 | D:1      | Reached XP level 2. HP: 17/21 MP: 0/0
   586 | D:1      | Reached XP level 3. HP: 21/25 MP: 0/0
   586 | D:1      | Learned a level 1 spell: Magic Dart
  1325 | D:2      | Reached XP level 4. HP: 28/31 MP: 0/0
  1657 | D:3      | Noticed Jessica
  1664 | D:3      | Reached skill level 1 in Fighting
  1669 | D:3      | Killed Jessica
  1670 | D:3      | Reached XP level 5. HP: 26/37 MP: 0/0
  1670 | D:3      | Learned a level 2 spell: Ensorcelled Hibernation
  1803 | D:3      | Reached skill level 1 in Shields
  2373 | D:4      | Found a blossoming altar of Fedhas.
  2433 | D:4      | Noticed an ogre
  2460 | D:4      | Killed an ogre
  2461 | D:4      | Reached XP level 6. HP: 19/45 MP: 0/0
  2643 | D:4      | Found an iron altar of Okawaru.
  2805 | D:4      | Noticed Ijyb
  2814 | D:4      | Killed Ijyb
  2961 | D:4      | Found a staircase to the Ecumenical Temple.
  2968 | Temple   | Entered the Ecumenical Temple
  2973 | Temple   | Became a worshipper of Qazlal Stormbringer
  3130 | D:4      | Noticed Edmund
  3163 | D:4      | Killed Edmund
  3163 | D:4      | Killed by an exploding Edmund... ignited by their inner
                  | flame

Illustrated notes

Levels and vault maps discovered:
D:1:      roderic_dead_forest, layout_loops_cross
D:2:      layout_loops_cross
D:3:      layout_rooms, uniq_jessica
D:4:      layout_gridville, hellmonk_okawaru_the_only_friend_you_need,
          nicolae_overflow_hidden_temple, minmay_temple_entry_butterflies,
          minmay_box_of_dots, uniq_edmund, uniq_menkaure, uniq_ijyb
Temple:   nicolae_temple_bog_church

Skill      XL: |  1  2  3  4  5  6 |
---------------+-------------------+-----
Stealth        | 2 3 |  3.0
Dodging        | 3 |  3.8
Fighting       | 1 2 |  2.9
Shields        | 1 |  1.6
Spellcasting   | 3 |  3.2
Staves         | |  0.1
Armour         | |  0.1

Action                     |  1- 3 |  4- 6 || total
---------------------------+-------+-------++-------
  Melee: Unarmed           |    12 |       ||    12
         Hand axe          |       |    13 ||    13
         Quarterstaff      |       |     9 ||     9
   Cast: Foxfire           |    78 |   137 ||   215
         Ensorcelled Hiber |       |     1 ||     1
         Scorch            |       |     1 ||     1
         Inner Flame       |       |     3 ||     3
    Use: Scroll            |       |     8 ||     8
 Armour: Robe              |     2 |     7 ||     9
  Dodge: Dodged            |    11 |    19 ||    30
  Block: Buckler           |       |     8 ||     8
